[Event "Titled Tuesday Blitz February 28 Early 2023"]
[White "Yeletsky, Ivan"]
[Black "Ramirez Vido, Robert Yorisan"]
[WhiteFideId "24180327"]
[BlackFideId "3513823"]
[WhiteElo "2414"]
[BlackElo "2442"]
[Result "1-0"]
[Round "01"]
[TimeControl "180+2"]
[Date "2023.02.28"]
[WhiteClock "0:00:17"]
[BlackClock "0:00:01"]

1. e4 d6 2. d4 Nf6 3. Nc3 g6 4. h4 Bg7 5. Be2 c5 6. dxc5 Qa5 7. Kf1 Qxc5 8. h5 Nxh5 9. Bxh5 Bxc3 10. bxc3 gxh5 11. Rxh5 Qxc3 12. Rb1 Qc4+ 13. Ne2 Bg4 14. Rh4 Bxe2+ 15. Qxe2 Qxe2+ 16. Kxe2 b6 17. Bb2 f6 18. Rbh1 Na6 19. Rxh7 Rxh7 20. Rxh7 Rc8 21. Kd2 Nb4 22. c3 Nc6 23. f4 Na5 24. Kd3 Rc4 25. Rh8+ Kd7 26. Ra8 Rc7 27. g4 Nb7 28. Ba3 Ke6 29. Bb4 Nc5+ 30. Bxc5 dxc5 31. a4 Kd6 32. Rg8 Ke6 33. g5 Kf7 34. Rd8 fxg5 35. fxg5 Kg6 36. Rd5 e6 37. Re5 Re7 38. Kc4 Kh5 39. Kb5 Kg4 40. Kc6 Kf4 41. Kd6 Rg7 42. Kxe6 Rg6+ 43. Kd5 Rxg5 44. Rxg5 Kxg5 45. e5 Kg6 46. e6 Kf6 47. Kd6 1-0


[Site "https://www.chess.com"]

[Event "Titled Tuesday Blitz February 28 Early 2023"]
[White "Mazurkiewicz, Michal"]
[Black "Drygalov, Andrey"]
[WhiteFideId "1124943"]
[BlackFideId "24171735"]
[WhiteElo "2054"]
[BlackElo "2471"]
[Result "0-1"]
[Round "01"]
[TimeControl "180+2"]
[Date "2023.02.28"]
[WhiteClock "0:00:04"]
[BlackClock "0:01:50"]

1. e4 c5 2. Nf3 d6 3. g3 Nf6 4. d3 g6 5. Bg2 Bg7 6. O-O O-O 7. Re1 Nc6 8. e5 Nd7 9. exd6 exd6 10. Nc3 Nde5 11. Nxe5 Nxe5 12. h3 Rb8 13. a4 a6 14. a5 Nc6 15. Nd5 Be6 16. Qd2 Nd4 17. Ra3 Bxh3 18. c3 Bxg2 19. Kxg2 Nc6 20. Qg5 Qxg5 21. Bxg5 Rfe8 22. Rxe8+ Rxe8 23. Rb3 Nxa5 24. Rb6 Re5 25. Ne7+ Kf8 26. f4 Rxg5 27. fxg5 Kxe7 28. b4 cxb4 29. cxb4 Nc6 30. Rxb7+ Ke6 31. Rb6 Kd5 32. Rb7 Bd4 33. Rxf7 Nxb4 34. Rxh7 Nxd3 35. Rh6 Ne5 36. Rh8 Kc4 37. Ra8 Kb5 38. Kf1 a5 39. Ke2 a4 40. Rd8 Bc5 41. Ra8 a3 42. Kd1 Kc4 43. Kc2 Kd4 44. Ra4+ Ke3 45. Kb3 Kf3 46. g4 Nxg4 47. Ra8 Ne5 48. Re8 Kg4 0-1


[Site "https://www.chess.com"]

[Event "Titled Tuesday Blitz February 28 Early 2023"]
[White "Peng, Li Min"]
[Black "Vedder, Richard"]
[WhiteFideId "14112620"]
[BlackFideId "1004166"]
[WhiteElo "2436"]
[BlackElo "2168"]
[Result "1-0"]
[Round "01"]
[TimeControl "180+2"]
[Date "2023.02.28"]
[WhiteClock "0:00:40"]
[BlackClock "0:01:34"]

1. e4 e5 2. Nf3 Nc6 3. Nc3 Bb4 4. Nd5 Nf6 5. c3 Be7 6. Nxf6+ Bxf6 7. Bc4 O-O 8. d3 d6 9. O-O Be6 10. Bxe6 fxe6 11. Qb3 Qc8 12. Ng5 Bxg5 13. Bxg5 b6 14. Be3 Qd7 15. f4 exf4 16. Rxf4 Rxf4 17. Bxf4 Rf8 18. Rf1 Qf7 19. Qd1 e5 20. Bc1 Qxa2 21. Rxf8+ Kxf8 22. h3 a5 23. Kh2 Qf7 24. Qg4 Nd8 25. Qc8 Qe7 26. Qf5+ Kg8 27. Bg5 Qf8 28. Qxf8+ Kxf8 29. Bxd8 1-0


[Site "https://www.chess.com"]

[Event "Titled Tuesday Blitz February 28 Early 2023"]
[White "Krstulovic, Alex"]
[Black "Ahmadzada, Ahmad"]
[WhiteFideId "760056"]
[BlackFideId "13413007"]
[WhiteElo "2311"]
[BlackElo "2388"]
[Result "0-1"]
[Round "01"]
[TimeControl "180+2"]
[Date "2023.02.28"]
[WhiteClock "0:00:04"]
[BlackClock "0:00:15"]

1. d4 Nf6 2. Nf3 g6 3. c4 Bg7 4. Nc3 O-O 5. e4 d6 6. Be2 Nbd7 7. O-O e5 8. Qc2 Qe7 9. Be3 h6 10. Rad1 c6 11. d5 c5 12. g3 Ne8 13. Nh4 Kh7 14. a3 Ndf6 15. b4 b6 16. Rb1 Bh3 17. Rfe1 Ng4 18. Bd2 Bf6 19. Ng2 Bg5 20. f3 Bxg2 21. fxg4 Bh3 22. Nd1 Bxd2 23. Qxd2 f5 24. exf5 gxf5 25. Nf2 fxg4 26. bxc5 bxc5 27. Bd3+ Kg7 28. Qe2 Nf6 29. Rb2 Rab8 30. Reb1 Rxb2 31. Rxb2 Qf7 32. Qd1 e4 33. Be2 e3 34. Nd3 Nh5 35. Qb1 Qf5 36. Rb7+ Kg8 37. Nf4 Nxf4 38. Qxf5 Nxe2+ 0-1


[Site "https://www.chess.com"]

[Event "Titled Tuesday Blitz February 28 Early 2023"]
[White "Orozbaev, Eldiar"]
[Black "Wahedi, Ahmad Siar"]
[WhiteFideId "13802240"]
[BlackFideId "4651260"]
[WhiteElo "2201"]
[BlackElo "2438"]
[Result "1-0"]
[Round "01"]
[TimeControl "180+2"]
[Date "2023.02.28"]
[WhiteClock "0:00:47"]
[BlackClock "0:00:49"]

1. e4 c5 2. c3 e6 3. d4 d5 4. exd5 Qxd5 5. Nf3 Nf6 6. Na3 cxd4 7. Nb5 Na6 8. Nbxd4 Be7 9. Be2 O-O 10. O-O b6 11. Ng5 Bb7 12. Bf3 Qd7 13. Bxb7 Qxb7 14. Qf3 Qxf3 15. Ngxf3 Rac8 16. Rd1 Rfd8 17. Bg5 Kf8 18. Ne5 Nb8 19. Nb5 a6 20. Nd4 h6 21. Bxf6 Bxf6 22. Nef3 Rd5 23. Kf1 Rcd8 24. Ke2 Ke8 25. Nc2 Rxd1 26. Rxd1 Rxd1 27. Kxd1 Nc6 28. Ne3 b5 29. Kc2 Kd7 30. Nd2 Kd6 31. Ne4+ Ke7 32. Nc5 a5 33. a4 b4 34. Ne4 Be5 35. h3 f5 36. Nd2 bxc3 37. bxc3 Bc7 38. Nec4 h5 39. Na3 Bb6 40. f3 Bc5 41. Nb5 g6 42. Nb3 Bb6 43. Kd3 e5 44. c4 Ke6 45. c5 Bd8 46. Kc4 h4 47. Nc3 g5 48. Ne2 Na7 49. Nd2 Bf6 50. Nf1 e4 51. fxe4 fxe4 52. Ne3 Be5 53. Nd4+ Kf6 54. Ng4+ Ke7 55. Nxe5 1-0


[Site "https://www.chess.com"]

[Event "Titled Tuesday Blitz February 28 Early 2023"]
[White "Nur-Mukhametova, Alisa"]
[Black "Neiksans, Arturs"]
[WhiteFideId "54117739"]
[BlackFideId "11601388"]
[WhiteElo "2007"]
[BlackElo "2497"]
[Result "0-1"]
[Round "01"]
[TimeControl "180+2"]
[Date "2023.02.28"]
[WhiteClock "0:00:35"]
[BlackClock "0:02:21"]

1. d4 f5 2. c4 Nf6 3. Nc3 d6 4. Nf3 g6 5. g3 Bg7 6. Bg2 O-O 7. O-O c6 8. Qc2 Na6 9. a3 Qc7 10. Rd1 e5 11. dxe5 dxe5 12. e4 Nc5 13. exf5 Bxf5 14. Qe2 Nb3 15. Ra2 e4 16. Nd4 Bg4 17. f3 exf3 18. Bxf3 Rae8 19. Bxg4 Rxe2 20. Bxe2 Nxc1 21. Rxc1 Qb6 22. Rd1 Ne8 0-1


[Site "https://www.chess.com"]

[Event "Titled Tuesday Blitz February 28 Early 2023"]
[White "Postny, Evgeny"]
[Black "Tymrakiewicz, Rafal"]
[WhiteFideId "2804344"]
[BlackFideId "1108832"]
[WhiteElo "2509"]
[BlackElo "2151"]
[Result "1-0"]
[Round "01"]
[TimeControl "180+2"]
[Date "2023.02.28"]
[WhiteClock "0:00:10"]
[BlackClock "0:00:02"]

1. e4 Nf6 2. e5 Nd5 3. Nf3 d6 4. exd6 cxd6 5. d4 g6 6. c4 Nb6 7. Nc3 Bg7 8. Be2 Bg4 9. b3 O-O 10. Be3 d5 11. c5 Nc8 12. b4 a6 13. h3 Bxf3 14. Bxf3 e6 15. O-O Nc6 16. Rb1 N8e7 17. g4 f5 18. Ne2 fxg4 19. Bxg4 Nf5 20. Qd3 Qh4 21. Rb3 Rf7 22. Qd2 h6 23. Rd3 Raf8 24. Bxf5 Rxf5 25. Ng3 e5 26. Nxf5 Rxf5 27. f4 exf4 28. Bf2 Qh5 29. Kh2 f3 30. Qe3 Kh7 31. Rg1 Rf7 32. Qe6 Qf5 33. Qxf5 Rxf5 34. Rg3 h5 35. Rgxf3 Rxf3 36. Rxf3 Nxb4 37. Rf7 Kh6 38. Be3+ g5 39. Bxg5+ Kg6 40. Rxb7 Nc2 41. c6 Nxd4 42. c7 Be5+ 43. Kg2 Bxc7 44. Rxc7 Kxg5 45. Rc5 Ne6 46. Rxd5+ Kf4 47. Ra5 Nd4 48. Rxa6 h4 49. Ra4 Ke3 50. Rxd4 Kxd4 51. Kf3 1-0


[Site "https://www.chess.com"]

[Event "Titled Tuesday Blitz February 28 Early 2023"]
[White "Buksa, Nataliya"]
[Black "Yuan, Qingyu"]
[WhiteFideId "14123622"]
[BlackFideId "8609772"]
[WhiteElo "2316"]
[BlackElo "2359"]
[Result "0-1"]
[Round "01"]
[TimeControl "180+2"]
[Date "2023.02.28"]
[WhiteClock "0:00:02"]
[BlackClock "0:00:07"]

1. d4 Nf6 2. Nc3 d5 3. Bf4 c5 4. e3 cxd4 5. exd4 a6 6. Nf3 Nc6 7. Ne5 Bd7 8. Be2 e6 9. Nxd7 Qxd7 10. O-O Bd6 11. Bxd6 Qxd6 12. Na4 O-O 13. c3 Nd7 14. b4 a5 15. a3 Rfc8 16. Bf3 g6 17. Re1 Ra7 18. Nc5 Nb6 19. Bg4 Re8 20. Nd3 Nc4 21. h4 Rea8 22. b5 Ne7 23. a4 h5 24. Bh3 Re8 25. Qf3 Kg7 26. Re2 Ng8 27. Rae1 b6 28. Ne5 Nxe5 29. dxe5 Qa3 30. Qe3 Rb8 31. f4 Qxa4 32. f5 exf5 33. e6 Qxh4 34. Qe5+ Nf6 35. Qxb8 Re7 36. Qd6 Ne4 37. Rxe4 fxe4 38. Rf1 fxe6 39. Qe5+ Kh7 40. Rf6 e3 41. Rxe6 Rxe6 42. Qxe6 Qf2+ 43. Kh2 e2 44. Qe7+ Kh6 45. Qe5 e1=Q 46. Qh8+ Kg5 47. Qd8+ Qf6 48. Qxd5+ Qee5+ 49. Qxe5+ Qxe5+ 0-1


[Site "https://www.chess.com"]

[Event "Titled Tuesday Blitz February 28 Early 2023"]
[White "Harsh Suresh"]
[Black "Mouhamad, Joachim"]
[WhiteFideId "45018464"]
[BlackFideId "656410"]
[WhiteElo "2227"]
[BlackElo "2164"]
[Result "1-0"]
[Round "01"]
[TimeControl "180+2"]
[Date "2023.02.28"]
[WhiteClock "0:00:04"]
[BlackClock "0:00:06"]

1. e4 c5 2. Nc3 Nc6 3. Bb5 Nd4 4. Bc4 e6 5. Nf3 Nf6 6. O-O a6 7. e5 d5 8. exf6 dxc4 9. fxg7 Bxg7 10. d3 cxd3 11. cxd3 Bd7 12. Ne4 Bc6 13. Nxd4 Bxd4 14. Bg5 f6 15. Qh5+ Kd7 16. Qf7+ Qe7 17. Nxf6+ Bxf6 18. Qxf6 Qxf6 19. Bxf6 Rhg8 20. f3 Raf8 21. Bc3 Rxf3 22. Rxf3 Bxf3 23. g3 Bd5 24. Rf1 Ke7 25. Bf6+ Ke8 26. b3 Rf8 27. g4 Rg8 28. h3 h5 29. g5 Kf7 30. h4 Ke8 31. Kf2 Kd7 32. Ke3 b5 33. Kf4 Kd6 34. Ke3 c4 35. dxc4 bxc4 36. bxc4 Bxc4 37. Rd1+ Bd5 38. a3 e5 39. Rb1 Rc8 40. g6 Rc3+ 41. Ke2 Rxa3 42. g7 Rg3 43. Bg5 Kc7 44. Rd1 Bc4+ 45. Kf2 Rc3 46. Re1 Rc2+ 47. Kg3 Rc3+ 48. Kf2 Rc2+ 49. Kg1 Rb2 50. Rc1 Rb8 51. Rxc4+ Kd6 52. Rc1 Ke6 53. Bh6 Kf5 54. Rf1+ Kg4 55. Rf8 Kg3 56. Rxb8 1-0


[Site "https://www.chess.com"]

[Event "Titled Tuesday Blitz February 28 Early 2023"]
[White "Sargissyan, Sargis"]
[Black "Maximov, Dmitry"]
[WhiteFideId "13303210"]
[BlackFideId "14105659"]
[WhiteElo "2109"]
[BlackElo "2494"]
[Result "0-1"]
[Round "01"]
[TimeControl "180+2"]
[Date "2023.02.28"]
[WhiteClock "0:00:01"]
[BlackClock "0:00:13"]

1. e4 c5 2. Nf3 d6 3. d4 cxd4 4. Nxd4 Nf6 5. Nc3 a6 6. f4 Nbd7 7. f5 g6 8. g4 Bg7 9. g5 Nh5 10. Be2 Qb6 11. f6 exf6 12. Nd5 Qd8 13. Bxh5 fxg5 14. Be2 O-O 15. O-O Nc5 16. Bf3 Re8 17. Re1 g4 18. Bg2 h5 19. Bf4 g5 20. Bc1 Be6 21. Nxe6 fxe6 22. Nc3 Be5 23. Be3 Qf6 24. Qd2 Bf4 25. Rf1 Rf8 26. Rad1 Rad8 27. Qe1 b5 28. Bd4 Qg6 29. e5 d5 30. Bxc5 Rf7 31. Bd4 b4 32. Ne2 h4 33. Nxf4 gxf4 34. Qxh4 Rdf8 35. Rf2 Rh7 36. Qf6 Rxf6 37. exf6 f3 38. Bf1 g3 39. Rxf3 gxh2+ 40. Kh1 Kf7 41. Bg2 a5 42. Rd2 Qe4 43. Rf1 Qg4 44. Rdf2 Qxd4 0-1


[Site "https://www.chess.com"]

[Event "Titled Tuesday Blitz February 28 Early 2023"]
[White "Alexakis, Dimitris"]
[Black "Bochnicka, Vladimir"]
[WhiteFideId "4277023"]
[BlackFideId "14943450"]
[WhiteElo "2493"]
[BlackElo "2094"]
[Result "1-0"]
[Round "01"]
[TimeControl "180+2"]
[Date "2023.02.28"]
[WhiteClock "0:00:05"]
[BlackClock "0:00:06"]

1. Nf3 c5 2. g3 Nc6 3. d4 cxd4 4. Nxd4 e5 5. Nb5 d6 6. Bg2 Nf6 7. Bg5 a6 8. Bxf6 gxf6 9. N5c3 f5 10. e4 Bg7 11. exf5 Bxf5 12. Ne4 d5 13. Nec3 e4 14. O-O O-O 15. Nd2 Qd7 16. Nb3 Rad8 17. Qd2 Rfe8 18. Rfe1 Ne5 19. Nd4 Bh3 20. Rad1 Qg4 21. Qe2 Bxg2 22. Qxg4 Nxg4 23. Kxg2 e3 24. Nf5 Bxc3 25. bxc3 exf2 26. Rxe8+ Rxe8 27. Rxd5 h5 28. Nh6+ Nxh6 29. Rg5+ Kf8 30. Rxh5 Ng4 31. Rh8+ Ke7 32. Rxe8+ Kxe8 33. h3 Ne3+ 34. Kxf2 Nxc2 35. Kf3 Ke7 36. Ke4 Kf6 37. h4 Na3 38. g4 Nb5 39. c4 Nc7 40. c5 Ne6 41. Kd5 Nd8 42. Kd6 Ne6 43. a4 a5 44. h5 Kg5 45. Ke7 Nf4 46. Kxf7 Kxg4 47. h6 Kg5 48. h7 Ng6 49. Ke6 Kh6 50. Kd7 Kxh7 51. Kc7 Ne5 52. Kxb7 Kg7 53. c6 Kf7 54. c7 Nc4 55. Kc6 Ne5+ 56. Kd6 Nc4+ 57. Kc5 1-0


[Site "https://www.chess.com"]

[Event "Titled Tuesday Blitz February 28 Early 2023"]
[White "TimGrutter03"]
[Black "Movahed, Sina"]
[BlackFideId "42520835"]
[WhiteElo "2429"]
[BlackElo "2225"]
[Result "1/2-1/2"]
[Round "01"]
[TimeControl "180+2"]
[Date "2023.02.28"]
[WhiteClock "0:00:02"]
[BlackClock "0:00:05"]

1. e4 c5 2. Nf3 d6 3. d4 cxd4 4. Nxd4 Nf6 5. Nc3 a6 6. g3 e5 7. Nb3 b5 8. a4 b4 9. Nd5 Bb7 10. Bg5 Nbd7 11. Bg2 Bxd5 12. exd5 a5 13. O-O Be7 14. Qd3 O-O 15. Rfc1 h6 16. Bd2 Rb8 17. c3 bxc3 18. Qxc3 Nc5 19. Nxa5 Nfe4 20. Bxe4 Nxe4 21. Qd3 Nxd2 22. Nc6 Rb3 23. Rc3 Rxc3 24. bxc3 Qd7 25. Qxd2 Bg5 26. Qd3 f5 27. a5 e4 28. Qd4 Re8 29. Re1 h5 30. Qc4 h4 31. a6 hxg3 32. hxg3 e3 33. fxe3 Bxe3+ 34. Kg2 f4 35. Qe2 Qf5 36. Qf3 Qd3 37. a7 Ra8 38. Nb4 Qd2+ 39. Re2 Qxc3 40. Nc6 Qc4 41. gxf4 Bxf4 42. Ne7+ Kf7 43. Nf5 Kg8 44. Ne7+ Kf7 45. Nf5 Kg8 46. Ne7+ 1/2-1/2


[Site "https://www.chess.com"]

[Event "Titled Tuesday Blitz February 28 Early 2023"]
[White "Kilic, Eray"]
[Black "Kovalevsky, Stanislav"]
[WhiteFideId "44517173"]
[BlackFideId "13508598"]
[WhiteElo "2328"]
[BlackElo "2220"]
[Result "1-0"]
[Round "01"]
[TimeControl "180+2"]
[Date "2023.02.28"]
[WhiteClock "0:00:28"]
[BlackClock "0:00:11"]

1. d4 d5 2. Nc3 Nf6 3. Bf4 c6 4. e3 Bf5 5. Bd3 Bg6 6. h4 e6 7. h5 Bxd3 8. cxd3 Bd6 9. Nge2 Bxf4 10. Nxf4 Nbd7 11. Qf3 e5 12. dxe5 Nxe5 13. Qg3 Qe7 14. O-O-O O-O-O 15. d4 Neg4 16. Nd3 Qd6 17. Qf3 Rhe8 18. Kb1 Kb8 19. Rh4 Nh6 20. Ne5 Nd7 21. Nd3 f6 22. Rf4 Nf7 23. Qg3 Ng5 24. Rh1 h6 25. Rg4 Qxg3 26. Rxg3 Re7 27. Nf4 Nf8 28. b4 a6 29. a4 Nfe6 30. Nxe6 Nxe6 31. Rh4 Kc7 32. Rhg4 Ng5 33. Rf4 b6 34. Kc2 c5 35. Rf5 cxb4 36. Nxd5+ Rxd5 37. Rxd5 Ne4 38. Rf3 b3+ 39. Kb2 Kc6 40. Rd8 b5 41. axb5+ axb5 42. Rf4 Nd6 43. Kxb3 Ra7 44. d5+ Kc5 45. Rg4 Nc4 46. Rc8+ Kxd5 47. Rd4+ Ke5 48. Rc5+ Ke6 49. Rxb5 Ne5 50. f4 Nd7 51. Kb4 Ke7 52. Re4+ Kf7 53. Rd4 Nf8 54. Rbd5 Re7 55. e4 g6 56. hxg6+ Kxg6 57. g3 Ne6 58. Rc4 Rb7+ 59. Rb5 Rxb5+ 60. Kxb5 f5 61. e5 h5 62. Kc6 h4 63. gxh4 Ng7 64. Kd7 Kf7 65. Rc6 Nh5 66. e6+ Kg8 67. e7 Nf6+ 68. Rxf6 Kh7 69. Ke6 Kg7 70. e8=Q Kh7 71. Qe7+ Kh8 72. Rf8# 1-0


[Site "https://www.chess.com"]

[Event "Titled Tuesday Blitz February 28 Early 2023"]
[White "Chakravarthi Reddy, M"]
[Black "Pakleza, Zbigniew"]
[WhiteFideId "25009532"]
[BlackFideId "1119290"]
[WhiteElo "2201"]
[BlackElo "2410"]
[Result "0-1"]
[Round "01"]
[TimeControl "180+2"]
[Date "2023.02.28"]
[WhiteClock "0:00:13"]
[BlackClock "0:00:43"]

1. c4 c6 2. d4 d5 3. Nc3 Nf6 4. Nf3 Qb6 5. e3 Bf5 6. Bd3 Bxd3 7. Qxd3 e6 8. O-O Nbd7 9. Re1 Qa6 10. b3 Nb6 11. Nd2 Be7 12. Bb2 O-O 13. e4 Rfd8 14. e5 Nfd7 15. Re3 dxc4 16. bxc4 Nc5 17. Qc2 Rxd4 18. Nce4 Nxe4 19. Bxd4 Nxd2 20. Rh3 h6 21. Qxd2 Rd8 22. Rg3 Bg5 23. f4 Nxc4 24. Qe2 Bxf4 25. Rg4 Rxd4 26. Rd1 Qb6 27. Kh1 Rxd1+ 28. Qxd1 Ne3 0-1


[Site "https://www.chess.com"]

[Event "Titled Tuesday Blitz February 28 Early 2023"]
[White "Amin, Bassem"]
[Black "Seletsky, Grigory"]
[WhiteFideId "10601457"]
[BlackFideId "14112191"]
[WhiteElo "2690"]
[BlackElo "2490"]
[Result "1-0"]
[Round "01"]
[TimeControl "180+2"]
[Date "2023.02.28"]
[WhiteClock "0:00:04"]
[BlackClock "0:00:05"]

1. e4 c6 2. d4 d5 3. exd5 cxd5 4. c4 Nf6 5. Nc3 e6 6. Nf3 Nc6 7. cxd5 Nxd5 8. Bd3 Be7 9. O-O O-O 10. Re1 b6 11. Nxd5 Qxd5 12. Be4 Qd6 13. Qc2 Bb7 14. Bxh7+ Kh8 15. Be4 Rac8 16. Qb3 Bf6 17. Ne5 g6 18. Qh3+ Kg8 19. Bf4 Qe7 20. Nxc6 Bxc6 21. Bxc6 Rxc6 22. d5 Rc4 23. Qg3 Bh4 24. Qf3 Qf6 25. Bd6 Qxf3 26. gxf3 Re8 27. dxe6 Rxe6 28. Rxe6 fxe6 29. b3 Rc2 30. Bg3 Bxg3 31. hxg3 Kf7 32. Kg2 e5 33. Re1 Kf6 34. a4 a5 35. Re3 Rb2 36. Rc3 Kf5 37. g4+ Kf4 38. Re3 Rb1 39. Re4+ Kg5 40. Rxe5+ Kf4 41. Rb5 Rb2 42. Rxb6 g5 43. Rb5 Rxf2+ 44. Kg1 Rf1+ 45. Kxf1 Kg3 46. Rxg5 1-0


[Site "https://www.chess.com"]

[Event "Titled Tuesday Blitz February 28 Early 2023"]
[White "Heinemann, Josefine"]
[Black "Sattarov, Bobir"]
[WhiteFideId "12900460"]
[BlackFideId "14203081"]
[WhiteElo "2342"]
[BlackElo "2351"]
[Result "0-1"]
[Round "01"]
[TimeControl "180+2"]
[Date "2023.02.28"]
[WhiteClock "0:00:11"]
[BlackClock "0:02:00"]

1. e4 e5 2. Nf3 Nc6 3. Bb5 a6 4. Ba4 Bc5 5. c3 Qf6 6. O-O Nge7 7. d3 h6 8. Be3 Ba7 9. Nbd2 O-O 10. Bc2 d6 11. Bxa7 Rxa7 12. Nc4 Ng6 13. Ne3 Nce7 14. d4 Ra8 15. h3 Nf4 16. Nh2 Qg5 17. Kh1 Be6 18. Qf3 Rad8 19. Rad1 Neg6 20. Qg3 Qf6 21. Nhg4 Bxg4 22. Nxg4 Qg5 23. Kh2 h5 24. Ne3 Qf6 25. Nf5 Ne7 26. Ne3 h4 27. Qg4 g6 28. g3 Ne6 29. gxh4 exd4 30. cxd4 Nxd4 31. Bb1 Nf3+ 32. Kh1 c6 33. Ng2 Kg7 34. h5 Rh8 35. hxg6 Nxg6 36. e5 Nxe5 37. Qg3 Rxh3+ 38. Qxh3 Rh8 39. Qxh8+ Kxh8 40. f4 Ng4 41. Bxg6 Qxg6 42. Kg1 Qh6 43. Rf3 Qh2+ 44. Kf1 Qh1+ 0-1


[Site "https://www.chess.com"]

[Event "Titled Tuesday Blitz February 28 Early 2023"]
[White "Ozen, Bahadir"]
[Black "Shuvalov, Evgenij"]
[WhiteFideId "6337058"]
[BlackFideId "4187237"]
[WhiteElo "2503"]
[BlackElo "2080"]
[Result "1-0"]
[Round "01"]
[TimeControl "180+2"]
[Date "2023.02.28"]
[WhiteClock "0:00:04"]
[BlackClock "0:00:01"]

1. g3 d5 2. Nf3 Nf6 3. Bg2 g6 4. c4 c6 5. b3 Bg7 6. Bb2 O-O 7. O-O Qb6 8. Qc2 Bf5 9. d3 a5 10. Nbd2 Na6 11. a3 Rfc8 12. Rab1 Qd8 13. Rfc1 Nc5 14. Qd1 b5 15. cxb5 cxb5 16. Rc2 Bg4 17. Rbc1 Nfd7 18. Bxg7 Kxg7 19. b4 axb4 20. axb4 Na4 21. Nd4 Rxc2 22. Qxc2 Qb6 23. N2b3 Nf6 24. Qc7 Qxc7 25. Rxc7 Kf8 26. h3 Be6 27. Nxb5 Rb8 28. N3d4 Ne8 29. Ra7 Nb2 30. Nxe6+ fxe6 31. Nd4 Ng7 32. b5 Nd1 33. h4 Nc3 34. Nc6 Rxb5 35. Ra8+ Kf7 36. Ne5+ 1-0


[Site "https://www.chess.com"]

[Event "Titled Tuesday Blitz February 28 Early 2023"]
[White "Fan_Of_Chucky"]
[Black "Boyer, Mahel"]
[BlackFideId "45102422"]
[WhiteElo "2424"]
[BlackElo "2434"]
[Result "0-1"]
[Round "01"]
[TimeControl "180+2"]
[Date "2023.02.28"]
[WhiteClock "0:01:37"]
[BlackClock "0:01:59"]

1. d4 d5 2. c4 c6 3. Nf3 Nf6 4. g3 Bf5 5. Nc3 Nbd7 6. cxd5 Nxd5 7. Bg2 e6 8. O-O Be7 9. Re1 Nxc3 10. bxc3 Be4 11. a4 Qa5 12. Qb3 Nb6 13. c4 Bxf3 14. Bxf3 Qxe1+ 0-1


[Site "https://www.chess.com"]

[Event "Titled Tuesday Blitz February 28 Early 2023"]
[White "Christiansen, Johan-Sebastian"]
[Black "Zia, Tahsin Tajwar"]
[WhiteFideId "1512668"]
[BlackFideId "10211888"]
[WhiteElo "2517"]
[BlackElo "2061"]
[Result "1-0"]
[Round "01"]
[TimeControl "180+2"]
[Date "2023.02.28"]
[WhiteClock "0:02:30"]
[BlackClock "0:01:33"]

1. e4 c6 2. d4 d5 3. Nd2 dxe4 4. Nxe4 Nf6 5. Nxf6+ exf6 6. Bd3 Bd6 7. Qh5 g6 8. Qh6 Qe7+ 9. Ne2 Nd7 10. Qg7 Qf8 11. Bh6 Qxg7 12. Bxg7 Rg8 13. Bh6 Nb6 14. c4 c5 15. b4 Nd7 16. bxc5 Bf8 17. Bf4 1-0


[Site "https://www.chess.com"]

[Event "Titled Tuesday Blitz February 28 Early 2023"]
[White "Devaev, Alexander"]
[Black "Cabarkapa, Novak"]
[WhiteFideId "4169395"]
[BlackFideId "943746"]
[WhiteElo "2225"]
[BlackElo "2395"]
[Result "0-1"]
[Round "01"]
[TimeControl "180+2"]
[Date "2023.02.28"]
[WhiteClock "0:00:33"]
[BlackClock "0:01:44"]

1. d4 Nf6 2. c4 g6 3. Nc3 Bg7 4. e4 O-O 5. Nf3 c6 6. h3 d5 7. e5 Ne4 8. Bd3 Bf5 9. Qc2 Nxc3 10. Bxf5 gxf5 11. bxc3 dxc4 12. Qxf5 e6 13. Qh5 f6 14. O-O Nd7 15. Bh6 Rf7 16. Rae1 Qf8 17. Bxg7 Rxg7 18. exf6 Nxf6 19. Qh4 Nd5 20. Ng5 Qf6 21. f4 Nxc3 22. Rxe6 Qxd4+ 23. Kh1 Nd5 24. f5 Qxh4 0-1


[Site "https://www.chess.com"]

[Event "Titled Tuesday Blitz February 28 Early 2023"]
[White "Fernandez Guillen, Ernesto J."]
[Black "Fiedorek, Michal"]
[WhiteFideId "3512428"]
[BlackFideId "1199528"]
[WhiteElo "2423"]
[BlackElo "2135"]
[Result "1/2-1/2"]
[Round "01"]
[TimeControl "180+2"]
[Date "2023.02.28"]
[WhiteClock "0:00:12"]
[BlackClock "0:00:17"]

1. e4 c5 2. Nf3 d6 3. d4 cxd4 4. Nxd4 Nf6 5. Nc3 Nc6 6. Bc4 e6 7. Be3 Be7 8. Bb3 a6 9. f3 O-O 10. Qd2 Nxd4 11. Bxd4 b5 12. O-O-O Bb7 13. g4 Nd7 14. h4 b4 15. Ne2 a5 16. g5 a4 17. Bc4 b3 18. cxb3 d5 19. exd5 exd5 20. Bd3 axb3 21. a3 Ba6 22. Nc3 Qa5 23. Rhe1 Bxd3 24. Rxe7 Bf5 25. Qf4 Be6 26. Rxe6 fxe6 27. Qd6 e5 28. Bg1 Rxf3 29. Nxd5 Qb5 30. Nc3 Qc4 31. Qd5+ Qxd5 32. Nxd5 Nf8 33. Nc3 Ng6 34. h5 Nf4 35. h6 gxh6 36. gxh6 Kf7 37. Bb6 Kg6 38. Bc7 Kxh6 39. Kb1 Nd3 40. Ne4 Rc8 41. Ba5 Kg6 42. Bc3 Kf5 43. Nd6+ Ke6 44. Nxc8 h5 45. a4 h4 46. a5 h3 47. a6 Rf8 48. Nb6 h2 49. a7 Nf2 50. Rf1 h1=Q 51. Rxh1 Nxh1 52. a8=Q Rxa8 53. Nxa8 e4 54. Kc1 Nf2 55. Kd2 Kd5 56. Nb6+ Kc6 57. Nc4 Kd5 58. Na5 Nd3 59. Nxb3 Kc4 60. Nc1 Nxb2 61. Bxb2 e3+ 62. Kxe3 Kd5 63. Kd3 Kc5 64. Bc3 Kd5 65. Nb3 Ke6 66. Ke4 Kd6 67. Kd4 Kc6 68. Kc4 Kd6 69. Bd4 Ke6 70. Nd2 Kf5 71. Kd5 Kf4 72. Bf2 Kf5 73. Be3 Kf6 74. Ne4+ Kf5 75. Nd6+ Kf6 76. Bf4 Ke7 77. Nb5 Kf6 78. Nd4 Ke7 79. Ne6 Kd7 80. Nc5+ Ke7 81. Be5 Kf7 82. Ne4 Ke7 83. Bd6+ Kd7 84. Nc5+ Kc8 85. Kc6 Kd8 86. Nd7 Kc8 87. Bc5 Kd8 88. Kd6 Kc8 89. Kc6 Kd8 90. Bb4 Kc8 91. Nb6+ Kb8 92. Kb5 Kb7 93. Nc4 Kc7 94. Bd6+ Kb7 95. Kc5 Ka6 96. Kc6 Ka7 97. Nb6 Ka6 98. Nc8 Ka5 99. Bc5 Ka6 100. Nd6 Ka5 101. Nb7+ Ka6 102. Bd6 Ka7 103. Bc7 Ka6 104. Bb8 1/2-1/2


[Site "https://www.chess.com"]

[Event "Titled Tuesday Blitz February 28 Early 2023"]
[White "Pein, Jonathan"]
[Black "Talibov, Shiroghlan"]
[WhiteFideId "417092"]
[BlackFideId "13429078"]
[WhiteElo "2151"]
[BlackElo "2218"]
[Result "0-1"]
[Round "01"]
[TimeControl "180+2"]
[Date "2023.02.28"]
[WhiteClock "0:00:05"]
[BlackClock "0:00:09"]

1. e4 c5 2. Nf3 e6 3. d4 cxd4 4. Nxd4 a6 5. Bd3 b5 6. O-O Bb7 7. a4 b4 8. Qe2 Ne7 9. Nd2 Nbc6 10. N2b3 Nxd4 11. Nxd4 Nc6 12. Be3 Ne5 13. f4 Nxd3 14. cxd3 Bc5 15. Nb3 Be7 16. Qf2 d6 17. Bb6 Qd7 18. Na5 O-O 19. Nxb7 Qxb7 20. Bd4 Rac8 21. f5 e5 22. Be3 d5 23. Qg3 d4 24. f6 Bxf6 25. Bh6 Qe7 26. Rf5 Kh8 27. Raf1 Rg8 28. Qh3 Qe6 29. Bd2 Rc2 30. Bxb4 Rxb2 31. Bd6 Qxd6 32. Rh5 Bh4 33. Qxh4 h6 34. h3 Qg6 35. g4 f6 36. Rhf5 Rb6 37. R5f3 Rc8 38. Qg3 Rc2 39. h4 h5 40. g5 Rbb2 41. R3f2 Rxf2 42. Rxf2 Rxf2 43. Kxf2 Kh7 44. Qf3 fxg5 45. hxg5 Qxg5 46. Qf7 Qf6+ 47. Qxf6 gxf6 48. Kg3 Kg6 49. Kh4 f5 50. exf5+ Kxf5 51. Kg3 e4 52. dxe4+ Kxe4 0-1


[Site "https://www.chess.com"]